 Dungeon Crawl Stone Soup version 0.18-b1-16-g289874d (webtiles) character file.

151 Freud the Slasher (level 5, -3/39 HPs)
             Began as a Formicid Skald on May 1, 2016.
             Was a Follower of Trog.
             Slain by HandofTrog's ghost (4 damage)
             ... on level 3 of the Dungeon.
             The game lasted 00:46:19 (2161 turns).

Freud the Slasher (Formicid Skald)                  Turns: 2161, Time: 00:46:20

Health: -3/39      AC:  4    Str: 18    XL:     5   Next: 59%
Magic:  8/8        EV: 10    Int: 11    God:    Trog [*.....]
Gold:   123        SH:  0    Dex: 10    Spells: 3 memorised, 3 levels left

rFire  . . .     SeeInvis +     b - +2 dagger (venom)
rCold  . . .     Gourm    .     k - +1 ring mail
rNeg   . . .     Faith    .     (no shield)
rPois  .         Spirit   .     (helmet unavailable)
rElec  .         Dismiss  .     (no cloak)
rCorr  .         Reflect  .     (no gloves)
SustAt .         Harm     .     (no boots)
MR     .....                    (no amulet)
Stlth  ..........               (no ring)
                                l - -2 ring of protection (curse)

@: not resistant to hostile enchantments, extremely unstealthy
A: permanent stasis, dig shafts and tunnels, four strong arms, antennae 3
a: Dig, Shaft Self, Burn Spellbooks, Renounce Religion


You were on level 3 of the Dungeon.
You worshipped Trog.
Trog was aware of your devotion.
You were hungry.

You visited 1 branch of the dungeon, and saw 3 of its levels.

You collected 123 gold pieces.

Inventory:

Hand Weapons
 a - a +2 short sword of freezing
 b - a +2 dagger of venom (weapon)
 t - a +0 falchion
Missiles
 e - 3 stones (quivered)
Armour
 k - a +1 ring mail (worn)
 r - a +0 chain mail
Jewellery
 l - a cursed -2 ring of protection (left hand)
Wands
 p - a wand of iceblast (6/15)
Scrolls
 h - a scroll of magic mapping
 s - 2 scrolls of remove curse {unknown}
Potions
 i - a potion of lignification
 m - 2 potions of heal wounds {unknown}
Books
 c - a book of Battle

   Spells                             Type                      Level
   a - Infusion                       Charms                       1
   b - Shroud of Golubria             Charms/Translocation         2
   c - Song of Slaying                Charms                       2
   d - Spectral Weapon                Hexes/Charms                 3
   e - Regeneration                   Charms/Necromancy            3
   Trog disapproves of the use of such an item.
Comestibles
 d - 3 bread rations
 f - 5 fruits
 g - a slice of pizza
 j - a beef jerky
 o - 2 chunks of flesh
 q - a meat ration


   Skills:
 + Level 2.7 Fighting
 - Level 4.8 Long Blades
 - Level 2.0 Armour
 - Level 1.0 Dodging
 - Level 2.1 Spellcasting
 - Level 3.0 Charms


You had 3 spell levels left.
You knew the following spells:

 Your Spells              Type           Power        Failure   Level  Hunger
a - Infusion              Chrm           #...         14%         1    ##.....
b - Shroud of Golubria    Chrm/Tloc      #.........   38%         2    ###....
c - Song of Slaying       Chrm           #.......     21%         2    ###....


Dungeon Overview and Level Annotations

Branches:
Dungeon (3/15)

Altars:
Makhleb
Nemelex Xobeh
Ru
Trog
Yredelemnul
The Shining One

Annotations:
D:3 HandofTrog's ghost, amateur MiFi


Innate Abilities, Weirdness & Mutations

You are under a permanent stasis effect.
You can dig through walls and to a lower floor.
Your four strong arms can wield two-handed weapons with a shield.
You have a pair of large antennae on your head (SInv).


Message History

HandofTrog's ghost hits you.
* * * LOW HITPOINT WARNING * * *
You closely miss HandofTrog's ghost.
HandofTrog's ghost is lightly damaged.
HandofTrog's ghost completely misses you.
You hit HandofTrog's ghost but do no damage.
HandofTrog's ghost is lightly damaged.
HandofTrog's ghost hits you!
* * * LOW HITPOINT WARNING * * *
You hit HandofTrog's ghost but do no damage.
HandofTrog's ghost is lightly damaged.
The hobgoblin hits you but does no damage.
HandofTrog's ghost closely misses you.
You hit HandofTrog's ghost but do no damage.
HandofTrog's ghost is lightly damaged.
The hobgoblin closely misses you. HandofTrog's ghost closely misses you.
You barely miss HandofTrog's ghost.
HandofTrog's ghost is lightly damaged.
The hobgoblin completely misses you. HandofTrog's ghost hits you.
You die...

..#.# ..# ..#.# ..#
..#.###### ..# .........#
#####.### .##.#..#.#
#.......# ....#..#.#
#...8...#### .#..#..#.#
##..8.8......
#..#..#.########g.8._.8.....
>...............@W..8.8......
.#..#..#.#########...8.......
.#..#.<..# #...........
###### ####.####### #..# ##.#
.. ...


You could see HandofTrog's ghost and a hobgoblin.

Vanquished Creatures
  Ijyb (D:2)
  4 gnolls (D:2)
  2 adders (D:2)
  An ooze (D:2)
  A worm (D:2)
  A dart slug (D:1)
  A giant gecko (D:2)
  An orc (D:3)
  3 giant cockroaches
  5 goblins
  8 hobgoblins
  3 jackals (D:1)
  13 bats
  4 giant newts
  6 kobolds
  4 rats
58 creatures vanquished.

Notes
Turn   | Place    | Note
--------------------------------------------------------------
     0 | D:1      | Freud the Formicid Skald began the quest for the Orb.
     0 | D:1      | Reached XP level 1. HP: 16/16 MP: 3/3
    27 | D:1      | Reached skill level 1 in Dodging
   105 | D:1      | Reached XP level 2. HP: 18/22 MP: 5/5
   130 | D:1      | Learned a level 2 spell: Shroud of Golubria
   133 | D:1      | Learned a level 2 spell: Song of Slaying
   308 | D:1      | Reached skill level 3 in Long Blades
   327 | D:1      | Reached XP level 3. HP: 9/27 MP: 1/6
   977 | D:2      | Found a glowing golden altar of the Shining One.
  1018 | D:2      | Reached XP level 4. HP: 33/33 MP: 5/7
  1256 | D:2      | Reached skill level 4 in Long Blades
  1456 | D:2      | Found a burning altar of Makhleb.
  1463 | D:2      | Found a sparkling altar of Nemelex Xobeh.
  1474 | D:2      | Found a sacrificial altar of Ru.
  1544 | D:2      | Noticed Ijyb
  1601 | D:2      | Found a basalt altar of Yredelemnul.
  1818 | D:2      | Killed Ijyb
  1853 | D:2      | Reached XP level 5. HP: 33/38 MP: 2/8
  2137 | D:3      | Found a faded altar to an unknown god.
  2142 | D:3      | Noticed HandofTrog's ghost (amateur MiFi)
  2145 | D:3      | Became a worshipper of Trog the Wrathful
  2145 | D:3      | Reached * piety under Trog
  2158 | D:3      | HP: 1/39 [HandofTrog's ghost (9)]
  2161 | D:3      | Slain by HandofTrog's ghost

Skill      XL: |  1  2  3  4  5 |
---------------+----------------+-----
Dodging        | 1 |  1.0
Long Blades    | 3 4 |  4.8
Armour         | 2 |  2.0
Fighting       | |  2.7
Spellcasting   | |  2.1
Charms         | |  3.0

Action                   |  1- 3 |  4- 6 || total
-------------------------+-------+-------++-------
Melee: Falchion          |   107 |    56 ||   163
       Dagger            |       |    54 ||    54
 Cast: Song of Slaying   |     5 |     1 ||     6
       Shroud of Golubri |     2 |    11 ||    13
       Infusion          |     1 |    12 ||    13
  Use: Potion            |     2 |       ||     2
       Scroll            |     3 |       ||     3
  Eat: Chunk             |     1 |     5 ||     6
Armor: Leather armour    |    13 |       ||    13
       Skin              |    29 |       ||    29
       Ring mail         |    40 |    30 ||    70
Dodge: Dodged            |   103 |    51 ||   154
